 Dungeon Crawl Stone Soup version 0.19.5 (webtiles) character file.

42 devil0150 the Magician (level 3, 0/21 HPs)
             Began as a High Elf Wizard on Apr 15, 2017.
             Slain by a human (1 damage)
             ... on level 2 of the Dungeon.
             The game lasted 00:05:41 (1851 turns).

devil0150 the Magician (High Elf Wizard)            Turns: 1851, Time: 00:05:42

Health: 0/21       AC:  2    Str:  6    XL:     3   Next: 33%
Magic:  9/9        EV: 12    Int: 23    God:
Gold:   113        SH:  0    Dex: 13    Spells: 5 memorised, 0 levels left

rFire  . . .     SeeInvis .     j - +1 short sword (drain)
rCold  . . .     Gourm    .     a - +0 robe
rNeg   . . .     Faith    .     (no shield)
rPois  .         Spirit   .     b - +0 hat
rElec  .         Reflect  .     (no cloak)
rCorr  .         Harm     .     (no gloves)
MR     .....                    (no boots)
Stlth  ++........               (no amulet)
                                (no ring)
                                (no ring)

@: drained
A: no striking features
a: no special abilities


You were on level 2 of the Dungeon.
You were not hungry.

You visited 1 branch of the dungeon, and saw 2 of its levels.

You collected 113 gold pieces.

Inventory:

Hand Weapons
 i - a +0 short sword
 j - a +1 short sword of draining (weapon)
Armour
 a - a +0 robe (worn)
 b - a +0 hat (worn)
Scrolls
 e - a scroll of recharging
Potions
 k - 3 potions of degeneration
Books
 c - a book of Minor Magic

   Spells                             Type                      Level
   a - Magic Dart                     Conjuration                  1
   b - Blink                          Translocation                2
   c - Call Imp                       Summoning                    2
   d - Repel Missiles                 Charms/Air                   2
   e - Slow                           Hexes                        2
   f - Conjure Flame                  Conjuration/Fire             3
   g - Mephitic Cloud                 Conjuration/Poison/Air       3
Comestibles
 d - 2 bread rations
 f - 2 royal jellies
 g - a beef jerky


   Skills:
 + Level 0.2(0.0) Fighting
 + Level 0.2(0.0) Short Blades
 + Level 2.3(2.1) Dodging
 + Level 2.5(2.3) Stealth
 + Level 4.4(4.1) Spellcasting
 + Level 2.0(1.7) Conjurations
 + Level 0.8(0.6) Summonings
 + Level 1.1(0.8) Translocations


You couldn't memorise any spells.
You knew the following spells:

 Your Spells              Type           Power        Failure   Level  Hunger
a - Magic Dart            Conj           ##..         6%          1    None
b - Blink                 Tloc           N/A          14%         2    #......
c - Slow                  Hex            #.......     17%         2    #......
d - Mephitic Cloud        Conj/Pois/Air  #.......     24%         3    ##.....
e - Call Imp              Summ           #.......     14%         2    #......


Dungeon Overview and Level Annotations

Branches:
Dungeon (2/15)

Altars:
Elyvilon
Yredelemnul


Message History

The human hits you.
* * * LOW HITPOINT WARNING * * *
You miss the human.
The human is severely wounded.
The human closely misses you.
You hit the human but do no damage.
The human is severely wounded.
The human hits you.
* * * LOW HITPOINT WARNING * * *
You miss the human.
The human is severely wounded.
The human hits you.
* * * LOW HITPOINT WARNING * * *
You hit the human but do no damage.
The human is severely wounded.
The human hits you but does no damage.
You hit the human.
The human is almost dead.
The human hits you.
You die...

#.#..........#
####.#..........#
#8....... ......# #
#......####.....##.#
#####.................#
#...#.###..###.....###
#._.#.'.#............#
#.?.#p###.####.#.....##
#####.@...# #.#.(..)..
#......# #.#.....##
#8.....# #.#.....##
##.....# #.#.....#.
#.....# #.#.....#.
#.....####.#######.
..#.# ##.####..... ##
..#.# #.# #.##.# # #
#.#.# #.##.##### ##


You could see a human.

Vanquished Creatures
  An ooze (D:1)
  2 leopard geckos (D:1)
  A ball python (D:1)
  2 bats (D:1)
  2 giant cockroaches (D:1)
  2 goblins (D:1)
  5 hobgoblins
  3 jackals (D:1)
  6 kobolds
  A quokka (D:2)
  2 frilled lizards
  A goblin skeleton (D:2)
  3 rats (D:1)
31 creatures vanquished.

Notes
Turn   | Place    | Note
-------+----------+-------------------------------------------
     0 | D:1      | devil0150 the High Elf Wizard began the quest for the Orb.
     0 | D:1      | Reached XP level 1. HP: 11/11 MP: 6/6
   577 | D:1      | Reached skill level 4 in Spellcasting
   577 | D:1      | Reached XP level 2. HP: 14/17 MP: 1/8
  1289 | D:1      | Reached XP level 3. HP: 21/21 MP: 3/9
  1740 | D:2      | Found a white marble altar of Elyvilon.
  1801 | D:2      | Noticed a human
  1802 | D:2      | Found a runed door.
  1806 | D:2      | Found a basalt altar of Yredelemnul.
  1822 | D:2      | Learned a level 2 spell: Blink
  1825 | D:2      | Learned a level 2 spell: Slow
  1829 | D:2      | Learned a level 3 spell: Mephitic Cloud
  1832 | D:2      | Learned a level 2 spell: Call Imp
  1849 | D:2      | HP: 1/21 [human (3)]
  1851 | D:2      | Slain by a human

Skill      XL: |  1  2  3 |
---------------+----------+-----
Spellcasting   | 4 |  4.4
Conjurations   | 2 |  2.0
Fighting       | |  0.2
Short Blades   | |  0.2
Dodging        | |  2.3
Stealth        | |  2.5
Summonings     | |  0.8
Translocations | |  1.1

Action                   || total
-------------------------++-------
Melee: Unarmed           ||    16
       Short sword       ||    25
 Cast: Magic Dart        ||    76
  Use: Scroll            ||     4
  Eat: Chunk             ||     3
Armor: Robe              ||     7
Dodge: Dodged            ||    37
